[Event "Argentine Youth-Junior-ch 2025"]
[Site "Mar del Plata"]
[Date "2025.04.18"]
[Round "5.1"]
[White "Abramor, Franco"]
[Black "Unhold, Valentin"]
[Result "1/2-1/2"]
[Annotator "ChessBase"]
[ECO "C02"]
[WhiteElo "2169"]
[BlackElo "2149"]
[PlyCount "106"]
[EventDate "2025.04.14"]
[EventType "swiss"]
[EventCountry "ARG"]
[SourceTitle "playchess.com"]
[Source "ChessBase"]
[SourceQuality "1"]
[TimeControl "3600+30"]

1. e4 e6 2. d4 d5 3. e5 c5 4. c3 Nc6 5. Nf3 Qb6 6. a3 Nh6 7. Bd3 cxd4 8. O-O Bd7 9. b4 Rc8 10. Bb2 Nf5 11. Bxf5 exf5 12. cxd4 Be7 13. Nc3 Be6 14. Qd3 O-O 15. Rfc1 Qd8 16. Nd2 f6 17. Ne2 fxe5 18. dxe5 f4 19. b5 Na5 20. Nd4 Qd7 21. N2f3 Nc4 22. Rc2 Rcd8 23. Nxe6 Qxe6 24. Rd1 h6 25. h3 Bc5 26. Bd4 b6 27. a4 Kh8 28. Nh4 Kg8 29. Qg6 Qe8 30. e6 Bxd4 31. Rxd4 Ne5 32. Qxe8 Rdxe8 33. Rxd5 Rxe6 34. Rc7 Rf7 35. Rxf7 Nxf7 36. Rd7 Re1+ 37. Kh2 Ne5 38. Rxa7 Nd3 39. Ng6 Kh7 40. Rd7 Nc5 41. Nf8+ Kg8 42. Rd8 Kf7 43. Rc8 Re8 44. Rxe8 Kxe8 45. Ng6 Nxa4 46. Nxf4 Kd7 47. Kg3 Nc3 48. Kf3 Kd6 49. h4 Nxb5 50. Ke4 Nc7 51. g4 g5 52. hxg5 hxg5 53. Nd3 Ne6 1/2-1/2

[Event "Argentine Youth-Junior-ch 2025"]
[Site "Mar del Plata"]
[Date "2025.04.18"]
[Round "5.2"]
[White "Scarsi, Anna Laura"]
[Black "Aguirre, Bruno"]
[Result "1-0"]
[Annotator "NA"]
[ECO "B01"]
[WhiteElo "2144"]
[BlackElo "1759"]
[PlyCount "113"]
[EventDate "2025.04.14"]
[EventType "swiss"]
[EventCountry "ARG"]
[SourceTitle "playchess.com"]
[Source "ChessBase"]
[SourceQuality "1"]
[TimeControl "3600+30"]

1. e4 d5 2. exd5 Nf6 3. d4 Bg4 4. f3 Bf5 5. Bb5+ Nbd7 6. c4 e6 7. dxe6 fxe6 8. Nc3 c6 9. Ba4 Nb6 10. Bb3 Bb4 11. Nge2 c5 12. Be3 Qe7 13. dxc5 Rd8 14. Qc1 Bxc5 15. O-O Rd3 16. Bxc5 Qxc5+ 17. Kh1 O-O 18. Bc2 Rd7 19. b3 Rfd8 20. Bxf5 exf5 21. Qe1 Re8 22. Qf2 Qe5 23. Rad1 Rde7 24. Rd2 f4 25. Qd4 g5 26. Qxe5 Rxe5 27. Kg1 Re3 28. Rfd1 Nc8 29. Rd8 Kf7 30. Rxe8 Rxe8 31. Kf2 Ne7 32. Nb5 Nf5 33. Nd6+ Nxd6 34. Rxd6 Re6 35. Rd1 Ra6 36. Nc3 h5 37. Rd2 Re6 38. h4 g4 39. Ne2 g3+ 40. Kf1 b5 41. Nxf4 Rc6 42. Nd3 Nd7 43. cxb5 Rf6 44. a4 Rf5 45. Rc2 Rd5 46. Ke2 Kf6 47. Rc7 Kf5 48. Rxa7 Ne5 49. Nxe5 Rxe5+ 50. Kd2 Rd5+ 51. Kc2 Re5 52. Rd7 Re2+ 53. Rd2 Re5 54. b6 Rc5+ 55. Kd3 Kf4 56. b4 Rc6 57. a5 1-0

[Event "Argentine Youth-Junior-ch 2025"]
[Site "Mar del Plata"]
[Date "2025.04.18"]
[Round "5.3"]
[White "Izaguirre, Lucia Belen"]
[Black "Gaite, Karen Nerina"]
[Result "1/2-1/2"]
[Annotator "NA RC"]
[ECO "C78"]
[WhiteElo "1725"]
[BlackElo "2031"]
[PlyCount "74"]
[EventDate "2025.04.14"]
[EventType "swiss"]
[EventCountry "ARG"]
[SourceTitle "playchess.com"]
[Source "ChessBase"]
[SourceQuality "1"]
[TimeControl "3600+30"]

1. e4 e5 2. Nf3 Nc6 3. Bb5 a6 4. Ba4 Nf6 5. O-O b5 6. Bb3 Bc5 7. a4 Rb8 8. axb5 axb5 9. Nxe5 Nxe5 10. d4 Bxd4 11. Qxd4 d6 12. f4 c5 13. Qc3 Ng6 14. e5 b4 15. Qe1 dxe5 16. f5 Ne7 17. Qg3 O-O 18. Qxe5 Nc6 19. Qxc5 Nd4 20. Qc4 Nxf5 21. Bf4 Qb6+ 22. Kh1 Ne3 23. Bxe3 Qxe3 24. Qf4 Qxf4 25. Rxf4 Rd8 26. Kg1 Nd5 27. Rd4 Be6 28. Nd2 Nc7 29. Rxd8+ Rxd8 30. Bxe6 Nxe6 31. Nb3 g5 32. Kf2 Rc8 33. Rc1 Kg7 34. c3 Nf4 35. Rc2 bxc3 36. bxc3 Kf6 37. Nd4 Rc4 1/2-1/2

[Event "Argentine Youth-Junior-ch 2025"]
[Site "Mar del Plata"]
[Date "2025.04.18"]
[Round "5.4"]
[White "Villordo, Matias"]
[Black "Fuentes, Agustin"]
[Result "1-0"]
[Annotator "NA"]
[ECO "C45"]
[WhiteElo "2055"]
[BlackElo "2006"]
[PlyCount "90"]
[EventDate "2025.04.14"]
[EventType "swiss"]
[EventCountry "ARG"]
[SourceTitle "playchess.com"]
[Source "ChessBase"]
[SourceQuality "1"]
[TimeControl "3600+30"]

1. e4 e5 2. Nf3 Nc6 3. d4 exd4 4. Nxd4 Bc5 5. Nb3 Bb6 6. Qe2 Nf6 7. e5 Nd5 8. c4 Ndb4 9. c5 Bxc5 10. Nxc5 Nd4 11. Qg4 Ndc2+ 12. Ke2 Kf8 13. Na3 d6 14. Qc4 b5 15. Qc3 Nxa3 16. bxa3 Nd5 17. Qc2 dxc5 18. Qxc5+ Kg8 19. f3 c6 20. Kf2 Qb6 21. Be3 Be6 22. Bd3 Nxe3 23. Qxe3 Rd8 24. Rhd1 Bd5 25. Be4 Qxe3+ 26. Kxe3 Kf8 27. Bxd5 cxd5 28. Rac1 Ke7 29. Rc7+ Ke6 30. Kd4 Rd7 31. Rdc1 Rhd8 32. g4 a5 33. R1c6+ Ke7 34. Rc5 Rb8 35. Rxd7+ Kxd7 36. Kxd5 a4 37. f4 b4 38. axb4 Rxb4 39. Rc4 Rb5+ 40. Ke4 Rb2 41. Rxa4 Rxh2 42. Ra7+ Ke8 43. a4 Ra2 44. a5 Ra4+ 45. Kf3 Ra3+ 1-0

[Event "Argentine Youth-Junior-ch 2025"]
[Site "Mar del Plata"]
[Date "2025.04.18"]
[Round "5.5"]
[White "Veliz, Daira Isis"]
[Black "Benitez, Agustina"]
[Result "1-0"]
[Annotator "NA RC"]
[ECO "E11"]
[WhiteElo "1789"]
[BlackElo "1804"]
[PlyCount "71"]
[EventDate "2025.04.14"]
[EventType "swiss"]
[EventCountry "ARG"]
[SourceTitle "playchess.com"]
[Source "ChessBase"]
[SourceQuality "1"]
[TimeControl "3600+30"]

1. d4 Nf6 2. c4 e6 3. Nf3 Bb4+ 4. Nbd2 O-O 5. a3 Be7 6. e3 d6 7. b3 b6 8. Bb2 Nbd7 9. Bd3 Bb7 10. O-O Re8 11. Rc1 c5 12. Qc2 h6 13. Ne4 Qc7 14. Rfd1 d5 15. cxd5 exd5 16. Ng3 Ne4 17. Nxe4 dxe4 18. Bxe4 Bxe4 19. Qxe4 Bd6 20. Qh4 Be7 21. Qh3 Bf6 22. dxc5 Bxb2 23. Rxd7 Qc8 24. Rc2 Bxa3 25. c6 Bc5 26. Qf5 f6 27. Qd5+ Kh8 28. Qf7 Rg8 29. c7 Qa6 30. Rcd2 Raf8 31. Qd5 Qc8 32. Nh4 Re8 33. Ng6+ Kh7 34. Qf5 Rxe3 35. Nf8+ Kh8 36. Qh7# 1-0

[Event "Argentine Youth-Junior-ch 2025"]
[Site "Mar del Plata"]
[Date "2025.04.18"]
[Round "5.6"]
[White "Luchetti, Ivan"]
[Black "Martinez, Valentin Jesus"]
[Result "0-1"]
[Annotator "NA RC"]
[ECO "C45"]
[WhiteElo "1964"]
[BlackElo "2037"]
[PlyCount "72"]
[EventDate "2025.04.14"]
[EventType "swiss"]
[EventCountry "ARG"]
[SourceTitle "playchess.com"]
[Source "ChessBase"]
[SourceQuality "1"]
[TimeControl "3600+30"]

1. e4 e5 2. Nf3 Nc6 3. d4 exd4 4. Nxd4 Qf6 5. Nb3 Qg6 6. f3 Bb4+ 7. c3 Be7 8. Bf4 d6 9. Qd2 Nf6 10. Na3 Bd7 11. Nb5 Rc8 12. c4 O-O 13. Bd3 Ne5 14. Nc3 Nh5 15. Bxe5 dxe5 16. h4 Rfd8 17. Nd5 Qg3+ 18. Qf2 Bf8 19. Rd1 a5 20. Nd2 Bc5 21. Qxg3 Nxg3 22. Rh2 c6 23. Nc3 Bg1 24. Nf1 Bxh2 25. Nxh2 f5 26. Kf2 f4 27. Na4 Be6 28. b3 Kf7 29. Ng4 Bxg4 30. fxg4 Nxe4+ 31. Kf3 Nf6 32. Nc5 b6 33. g5 bxc5 34. gxf6 Rd4 35. Bf5 Rxd1 36. Bxc8 Kxf6 0-1

[Event "Argentine Youth-Junior-ch 2025"]
[Site "Mar del Plata"]
[Date "2025.04.18"]
[Round "5.7"]
[White "Simbler, Facundo"]
[Black "Hilt, Juan Ignacio"]
[Result "0-1"]
[Annotator "NA RC"]
[ECO "C97"]
[WhiteElo "1928"]
[BlackElo "2035"]
[PlyCount "78"]
[EventDate "2025.04.14"]
[EventType "swiss"]
[EventCountry "ARG"]
[SourceTitle "playchess.com"]
[Source "ChessBase"]
[SourceQuality "1"]
[TimeControl "3600+30"]

1. e4 e5 2. Nf3 Nc6 3. Bb5 a6 4. Ba4 Nf6 5. O-O Be7 6. Re1 b5 7. Bb3 d6 8. c3 O-O 9. h3 Na5 10. Bc2 c5 11. d4 Qc7 12. d5 Nc4 13. b3 Nb6 14. a4 c4 15. axb5 cxb3 16. Bxb3 axb5 17. Rxa8 Nxa8 18. Ba3 Nd7 19. Bb4 Nc5 20. Bc2 Nb6 21. Na3 Bd7 22. Qe2 Rb8 23. Rd1 Na6 24. Bd3 Nxb4 25. cxb4 Qc3 26. Nxb5 Bxb5 27. Bxb5 Qxb4 28. Bc6 Na4 29. Bxa4 Qxa4 30. Rc1 g6 31. Qd3 Rb4 32. Nd2 Kg7 33. f3 Bg5 34. Rc2 Qa1+ 35. Kf2 Bh4+ 36. g3 Bxg3+ 37. Kg2 Bf4 38. Nc4 Rb1 39. Ne3 Rg1+ 0-1

[Event "Argentine Youth-Junior-ch 2025"]
[Site "Mar del Plata"]
[Date "2025.04.18"]
[Round "5.8"]
[White "Medina Baquiro, Paula Andrea"]
[Black "Donda, Jazmin"]
[Result "0-1"]
[Annotator "NA RC"]
[ECO "D00"]
[WhiteElo "1617"]
[BlackElo "1919"]
[PlyCount "66"]
[EventDate "2025.04.14"]
[EventType "swiss"]
[EventCountry "ARG"]
[SourceTitle "playchess.com"]
[Source "ChessBase"]
[SourceQuality "1"]
[TimeControl "3600+30"]

1. d4 d5 2. e3 Nf6 3. f4 Bf5 4. Nf3 e6 5. c3 c6 6. Ne5 Ne4 7. Nf3 Nd7 8. Bd3 Ndf6 9. Qe2 Be7 10. O-O Bg4 11. Nbd2 Qc7 12. Qe1 Bf5 13. Be2 h6 14. a3 Bd6 15. Nxe4 Nxe4 16. Bd3 g5 17. c4 gxf4 18. c5 Be7 19. exf4 O-O-O 20. Ne5 Rh7 21. b4 Rg8 22. Bxe4 Bxe4 23. Qe2 Rxg2+ 24. Qxg2 Bxg2 25. Kxg2 f6 26. Nd3 Qd7 27. Kf3 e5 28. dxe5 Qh3+ 29. Ke2 Rg7 30. Rf2 fxe5 31. fxe5 Bh4 32. Bxh6 Bxf2 33. Bxg7 Bd4 0-1

[Event "Argentine Youth-Junior-ch 2025"]
[Site "Mar del Plata"]
[Date "2025.04.18"]
[Round "5.9"]
[White "Alvarez, Mia Morena"]
[Black "Munoz, Kidora"]
[Result "1-0"]
[Annotator "NA RC"]
[ECO "C50"]
[WhiteElo "1819"]
[BlackElo "1656"]
[PlyCount "65"]
[EventDate "2025.04.14"]
[EventType "swiss"]
[EventCountry "ARG"]
[SourceTitle "playchess.com"]
[Source "ChessBase"]
[SourceQuality "1"]
[TimeControl "3600+30"]

1. e4 e5 2. Nf3 Nc6 3. Bc4 Be7 4. d3 d6 5. c3 Na5 6. Bb5+ c6 7. Ba4 b5 8. Bc2 Nf6 9. Nbd2 Be6 10. O-O O-O 11. Re1 Re8 12. Nf1 Nh5 13. Nxe5 dxe5 14. Qxh5 Bf6 15. Qd1 Nb7 16. h3 c5 17. Be3 c4 18. d4 Bc8 19. d5 a6 20. a4 Bd7 21. Nh2 Nd6 22. Bd2 h6 23. Ng4 Bg5 24. Bxg5 Qxg5 25. Qf3 f5 26. exf5 Bxf5 27. Bxf5 Nxf5 28. Rxe5 Rxe5 29. Nxe5 Nh4 30. Qg3 Qxg3 31. fxg3 Nf5 32. axb5 a5 33. Nxc4 1-0

[Event "Argentine Youth-Junior-ch 2025"]
[Site "Mar del Plata"]
[Date "2025.04.18"]
[Round "5.10"]
[White "Villordo, Matias"]
[Black "Fuentes, Agustin"]
[Result "1-0"]
[Annotator "NA RC"]
[ECO "C45"]
[WhiteElo "2055"]
[BlackElo "2006"]
[PlyCount "123"]
[EventDate "2025.04.14"]
[EventType "swiss"]
[EventCountry "ARG"]
[SourceTitle "playchess.com"]
[Source "ChessBase"]
[SourceQuality "1"]
[TimeControl "3600+30"]

1. e4 e5 2. Nf3 Nc6 3. d4 exd4 4. Nxd4 Bc5 5. Nb3 Bb6 6. Qe2 Nf6 7. e5 Nd5 8. c4 Ndb4 9. c5 Bxc5 10. Nxc5 Nd4 11. Qg4 Ndc2+ 12. Ke2 Kf8 13. Na3 d6 14. Qc4 b5 15. Qc3 Nxa3 16. bxa3 Nd5 17. Qc2 dxc5 18. Qxc5+ Kg8 19. f3 c6 20. Kf2 Qb6 21. Be3 Be6 22. Bd3 Nxe3 23. Qxe3 Rd8 24. Rhd1 Bd5 25. Be4 Qxe3+ 26. Kxe3 Kf8 27. Bxd5 cxd5 28. Rac1 Ke7 29. Rc7+ Ke6 30. Kd4 Rd7 31. Rdc1 Rhd8 32. g4 a5 33. R1c6+ Ke7 34. Rc5 Rb8 35. Rxd7+ Kxd7 36. Kxd5 a4 37. f4 b4 38. axb4 Rxb4 39. Rc4 Rb5+ 40. Ke4 Rb2 41. Rxa4 Rxh2 42. Ra7+ Ke8 43. a4 Ra2 44. a5 Ra4+ 45. Kf3 Ra3+ 46. Ke4 Ra4+ 47. Kf5 h6 48. Ra8+ Ke7 49. Ra7+ Ke8 50. e6 g6+ 51. Kf6 fxe6 52. a6 Rxf4+ 53. Ke5 Ra4 54. Kxe6 Kf8 55. Kf6 Kg8 56. g5 hxg5 57. Kxg6 Kf8 58. Ra8+ Ke7 59. a7 Ra6+ 60. Kxg5 Kf7 61. Rh8 Ra5+ 62. Kf4 1-0